 Dungeon Crawl Stone Soup version 0.23-a0-143-g1adec7b (webtiles) character file.

244 corax the Ducker (level 6, -7/53 HPs)
             Began as a Gnoll Monk on Sept 2, 2018.
             Mangled by an iguana (12 damage)
             ... on level 4 of the Dungeon.
             The game lasted 00:07:25 (3146 turns).

corax the Ducker (Gnoll Monk)                       Turns: 3146, Time: 00:07:25

Health: -7/53      AC:  3    Str: 15    XL:     6   Next: 10%
Magic:  8/8        EV: 17    Int: 12    God:
Gold:   121        SH:  0    Dex: 18    Spells: 8/8 levels left

rFire    . . .     SeeInvis .   a - +0 hand axe
rCold    . . .     Gourm    .   (no shield)
rNeg     . . .     Faith    .   b - +0 robe
rPois    .         Spirit   .   (no helmet)
rElec    .         Reflect  .   (no cloak)
rCorr    .         Harm     .   f - +0 pair of gloves
MR       .....                  (no boots)
Stlth    +++.......             (no amulet)
HPRegen  0.17/turn              (no ring)
MPRegen  0.11/turn              (no ring)

@: no status effects
A: distributed training, fangs 1, strong nose
a: no special abilities


You were on level 4 of the Dungeon.
You were hungry.

You visited 1 branch of the dungeon, and saw 4 of its levels.

You collected 121 gold pieces.

Inventory:

Hand Weapons
 a - a +0 hand axe (weapon)
Missiles
 l - 97 stones
 m - 52 arrows
 n - 25 bolts
 p - 24 poisoned needles
 q - 26 sling bullets
 t - 2 tomahawks (quivered)
Armour
 b - a +0 robe (worn)
 f - a +0 pair of gloves (worn)
Scrolls
 g - 4 scrolls of remove curse
 h - 3 scrolls of identify {unknown}
 k - a scroll of teleportation {unknown}
Potions
 d - 3 potions of lignification {unknown}
 e - a potion of degeneration {unknown}
 i - a potion of agility {unknown}
 j - a potion of mutation {unknown}
 o - a potion of might {unknown}
Comestibles
 c - 6 rations


   Skills:
 + Level 6.7 Fighting
 + Level 1.7 Short Blades
 + Level 1.7 Long Blades
 + Level 6.7 Axes
 + Level 1.7 Maces & Flails
 + Level 1.7 Polearms
 + Level 1.7 Staves
 + Level 1.7 Slings
 + Level 1.7 Bows
 + Level 1.7 Crossbows
 + Level 1.7 Throwing
 + Level 1.7 Armour
 + Level 6.7 Dodging
 + Level 4.5 Stealth
 + Level 1.7 Shields
 + Level 1.7 Unarmed Combat
 + Level 1.7 Spellcasting
 + Level 1.3 Conjurations
 + Level 1.3 Hexes
 + Level 1.3 Charms
 + Level 1.3 Summonings
 + Level 1.3 Necromancy
 + Level 1.3 Translocations
 + Level 1.3 Transmutations
 + Level 1.3 Fire Magic
 + Level 1.3 Ice Magic
 + Level 1.3 Air Magic
 + Level 1.3 Earth Magic
 + Level 1.3 Poison Magic
 + Level 2.0 Invocations
 + Level 1.7 Evocations


You had 8 spell levels left.
You didn't know any spells.
Your spell library contained the following spells:

 Spells                   Type           Power        Failure   Level  Hunger
 Malign Gateway           Summ/Tloc      #.........   100%        7    #######
 Monstrous Menagerie      Summ           #.........   100%        7    #######
 Summon Greater Demon     Summ           #.........   100%        7    #######
 Summon Horrible Things   Summ           #.........   100%        8    #######


Dungeon Overview and Level Annotations

Branches:
Dungeon (4/15)
 Temple: D:4-7

Altars:
Cheibriados

Annotations:
D:3 1 runed door, derval's ghost, amateur GnSu


Innate Abilities, Weirdness & Mutations

Your experience applies equally to all skills.
You have very sharp teeth.
Your uncanny sense of smell can sniff out nearby items.


Message History

You closely miss the iguana. The iguana bites you!
* * * LOW HITPOINT WARNING * * *
You slash the iguana!
The iguana is moderately wounded.
The iguana barely misses you.
You hit the iguana but do no damage. You bite the iguana.
The iguana is heavily wounded.
The iguana closely misses you.
You hit the iguana. You bite the iguana, but do no damage.
The iguana is severely wounded.
The iguana hisses menacingly.
The iguana bites you!
* * * LOW HITPOINT WARNING * * *
You hit the iguana but do no damage. You bite the iguana, but do no damage.
The iguana is severely wounded.
The iguana closely misses you.
You hit the iguana. Your bite misses the iguana.
The iguana is almost dead.
The iguana bites you!
You die...

.........#.....#########
.........#.....#.......#
.........#.....#...(...#
..###'#### #.......#
..###....#######/....[.#
..#......#.............#
..#......#.............#
..#......#.........<...#
#......#.[..##@......#
#####'###...##†l.....#
###....###...##.......#
........§§.........._..#
........#..............#
........#.§...##.......#
........#§.§..########+#
........#§§.......
.......[#.§§......∆


You could see an iguana.

Vanquished Creatures
  An orc priest (D:4)
  An orc wizard (D:4)
  A worker ant (D:4)
  7 adders
  An ooze (D:1)
  2 worms
  4 leopard geckos
  7 orcs
  A ball python (D:2)
  9 bats
  7 giant cockroaches
  9 goblins
  5 hobgoblins
  5 kobolds
  5 quokkas
  A ball python skeleton (D:4)
  4 frilled lizards
  12 rats
82 creatures vanquished.

Vanquished Creatures (others)
  2 withered plants (D:3)
2 creatures vanquished.

Grand Total: 84 creatures vanquished

Notes
Turn   | Place    | Note
-------+----------+-------------------------------------------
     0 | D:1      | corax the Gnoll Monk began the quest for the Orb.
     0 | D:1      | Reached XP level 1. HP: 23/23 MP: 1/1
   100 | D:1      | Reached XP level 2. HP: 18/29 MP: 2/2
   288 | D:1      | Reached XP level 3. HP: 22/35 MP: 3/3
   650 | D:2      | Noticed a phantom
   702 | D:3      | Reached skill level 1 in Invocations
   836 | D:3      | Reached skill level 1 in Short Blades
   836 | D:3      | Reached skill level 1 in Long Blades
   836 | D:3      | Reached skill level 1 in Maces & Flails
   836 | D:3      | Reached skill level 1 in Polearms
   836 | D:3      | Reached skill level 1 in Staves
   836 | D:3      | Reached skill level 1 in Slings
   836 | D:3      | Reached skill level 1 in Bows
   836 | D:3      | Reached skill level 1 in Crossbows
   836 | D:3      | Reached skill level 1 in Throwing
   836 | D:3      | Reached skill level 1 in Armour
   836 | D:3      | Reached skill level 1 in Shields
   836 | D:3      | Reached skill level 1 in Unarmed Combat
   836 | D:3      | Reached skill level 1 in Spellcasting
   836 | D:3      | Reached skill level 1 in Evocations
   846 | D:3      | Reached XP level 4. HP: 24/41 MP: 5/5
  1329 | D:3      | Found a runed door.
  1330 | D:3      | Noticed derval's ghost (amateur GnSu)
  1583 | D:3      | Reached skill level 1 in Conjurations
  1583 | D:3      | Reached skill level 1 in Hexes
  1583 | D:3      | Reached skill level 1 in Charms
  1583 | D:3      | Reached skill level 1 in Summonings
  1583 | D:3      | Reached skill level 1 in Necromancy
  1583 | D:3      | Reached skill level 1 in Translocations
  1583 | D:3      | Reached skill level 1 in Transmutations
  1583 | D:3      | Reached skill level 1 in Fire Magic
  1583 | D:3      | Reached skill level 1 in Ice Magic
  1583 | D:3      | Reached skill level 1 in Air Magic
  1583 | D:3      | Reached skill level 1 in Earth Magic
  1583 | D:3      | Reached skill level 1 in Poison Magic
  2145 | D:2      | Reached XP level 5. HP: 4/47 MP: 6/6
  2146 | D:2      | HP: 2/47 [phantom (2)]
  3041 | D:4      | Reached XP level 6. HP: 18/53 MP: 8/8
  3131 | D:4      | Found a snail-covered altar of Cheibriados.
  3146 | D:4      | Mangled by an iguana

Vault maps used:
D:1:      dpeg_arrival_ratfight
D:2:      first_ration, nicolae_gozag_zags_fifth_avenue
D:3:      gammafunk_ghost_grave, gup_sewer_entry_bubbles,
          kennysheep_generic_room_5
D:4:      cheibriados_altar_1

Skill      XL: |  1  2  3  4  5 |
---------------+----------------+-----
Invocations    | 1 2 |  2.0
Short Blades   | 1 |  1.7
Long Blades    | 1 |  1.7
Maces & Flails | 1 |  1.7
Polearms       | 1 |  1.7
Staves         | 1 |  1.7
Slings         | 1 |  1.7
Bows           | 1 |  1.7
Crossbows      | 1 |  1.7
Throwing       | 1 |  1.7
Armour         | 1 |  1.7
Shields        | 1 |  1.7
Unarmed Combat | 1 |  1.7
Spellcasting   | 1 |  1.7
Evocations     | 1 |  1.7
Conjurations   | 1 |  1.3
Hexes          | 1 |  1.3
Charms         | 1 |  1.3
Summonings     | 1 |  1.3
Necromancy     | 1 |  1.3
Translocations | 1 |  1.3
Transmutations | 1 |  1.3
Fire Magic     | 1 |  1.3
Ice Magic      | 1 |  1.3
Air Magic      | 1 |  1.3
Earth Magic    | 1 |  1.3
Poison Magic   | 1 |  1.3
Fighting       | |  6.7
Axes           | |  6.7
Dodging        | |  6.7
Stealth        | |  4.5

Action                   |  1- 3 |  4- 6 || total
-------------------------+-------+-------++-------
Melee: Hand axe          |   132 |   235 ||   367
       Bite              |    20 |    31 ||    51
       Punch             |       |     3 ||     3
Throw: Tomahawk          |       |     2 ||     2
  Use: Scroll            |       |     2 ||     2
 Stab: Sleeping          |     5 |     9 ||    14
  Eat: Chunk             |       |     7 ||     7
Armor: Robe              |    18 |    19 ||    37
Dodge: Dodged            |    88 |   173 ||   261

Table legend:
 A = Non-vault XP
 B = Vault XP
 C = Vault XP percentage of total XP
 D = Non-vault monster count
 E = Vault monster count
 F = Vault count percentage of total count
                 A         B        C        D         E       F
            +---------+---------+-------+---------+---------+-------
      Total |     314 |      35 |  10.0 |      69 |      13 |  15.9
            +---------+---------+-------+---------+---------+-------
        D:1 |      31 |       5 |  13.9 |      17 |       5 |  22.7
        D:2 |      35 |       0 |   0.0 |      11 |       0 |   0.0
        D:3 |      65 |      30 |  31.6 |      24 |       8 |  25.0
        D:4 |     183 |       0 |   0.0 |      17 |       0 |   0.0
            +---------+---------+-------+---------+---------+-------
